 Dungeon Crawl Stone Soup version 0.29.1-15-g9cfb28693d (webtiles) character file.

Game seed: 12004104166534559177

63 Alturiack the Digger (level 4, -1/36 HPs)
             Began as a Hill Orc Earth Elementalist on Apr 12, 2023.
             Slain by a gnoll
             ... wielding a +0 whip
              (6 damage)
             ... on level 3 of the Dungeon.
             The game lasted 00:05:14 (1369 turns).

Alturiack the Digger (Hill Orc Earth Elementalist)  Turns: 1369, Time: 00:05:15

Health: -1/36      AC:  3    Str: 10    XL:     4   Next: 9%
Magic:  2/7        EV: 12    Int: 17    God:
Gold:   86         SH:  0    Dex: 11    Spells: 6/7 levels left

rFire   . . .      SeeInvis .   o - +0 hand axe
rCold   . . .      Faith    .   (no shield)
rNeg    . . .      Spirit   .   k - +0 robe
rPois   .          Reflect  .   f - +0 helmet
rElec   .          Harm     .   (no cloak)
rCorr   .          Rampage  .   (no gloves)
Will    +....                   (no boots)
Stlth   ++........              (no amulet)
HPRegen 0.12/turn               h - ring of willpower
MPRegen 0.10/turn               (no ring)

@: no status effects
A: no striking features
a: no special abilities


You were on level 3 of the Dungeon.
You visited 1 branch of the dungeon, and saw 3 of its levels.

You collected 86 gold pieces.

Inventory:

Hand Weapons
 o - a +0 hand axe (weapon)
Armour
 f - a +0 helmet (worn)
 k - a +0 robe (worn)
Jewellery
 g - a ring of protection from cold
 h - a ring of willpower (left hand)
Scrolls
 c - 2 scrolls of identify {unknown}
 i - a scroll of poison {unknown}
 l - a scroll of immolation {unknown}
 n - 2 scrolls of teleportation {unknown}
 p - a scroll of blinking {unknown}
Potions
 a - 2 potions of lignification {unknown}
 b - a potion of magic
 d - a potion of resistance {unknown}
 e - 2 potions of might {unknown}
 j - a potion of ambrosia {unknown}
 m - a potion of curing {unknown}


   Skills:
 + Level 1.9 Fighting
 + Level 1.0 Axes
 + Level 1.6 Armour
 - Level 1.5 Dodging
 - Level 1.5 Stealth
 + Level 2.0 Spellcasting
 - Level 0.6 Transmutations
 + Level 3.5 Earth Magic


You had 6 spell levels left.
You knew the following spells:

 Your Spells              Type           Power      Damage    Failure   Level
a - Sandblast             Erth           26%        2d8       4%          1

Your spell library contained the following spells:

 Spells                   Type           Power      Damage    Failure   Level
 Passwall                 Tmut/Erth      6%         N/A       13%         2
 Stone Arrow              Conj/Erth      14%        3d7       28%         3
 Ozocubu's Armour         Ice            1%         N/A       50%         3
 Petrify                  Tmut/Erth      8%         N/A       63%         4
 Ozocubu's Refrigeration  Ice            0%         4d7       100%        7


Dungeon Overview and Level Annotations

Branches:
Dungeon (2/15)

Altars:
Ashenzari
Dithmenos

Annotations:
D:3 2 transporters, Artool's ghost, amateur DsFi


Message History

You have reached level 4!
You closely miss the gnoll.
The gnoll is lightly wounded.
The gnoll closely misses you.
You hit the gnoll.
The gnoll is heavily wounded.
The gnoll closely misses you.
You closely miss the gnoll.
The gnoll is heavily wounded.
The gnoll completely misses you.
You closely miss the gnoll.
The gnoll is heavily wounded.
The gnoll barely misses you.
You hit the gnoll.
The gnoll is heavily wounded.
The gnoll barely misses you. The gnoll hits you with a +0 whip.
* * * LOW HITPOINT WARNING * * *
You completely miss the gnoll.
The gnoll is heavily wounded.
The gnoll hits you with a +0 whip.
* * * LOW HITPOINT WARNING * * *
You closely miss the gnoll.
The gnoll is heavily wounded.
The gnoll completely misses you.
You closely miss the gnoll.
The gnoll is heavily wounded.
The gnoll barely misses you. The gnoll misses you.
You hit the gnoll.
The gnoll is severely wounded.
The gnoll barely misses you.
You hit the gnoll.
The gnoll is severely wounded.
The gnoll barely misses you.
You closely miss the gnoll.
The gnoll is severely wounded.
The gnoll barely misses you.
You hit the gnoll but do no damage.
The gnoll is severely wounded.
The gnoll hits you with a +0 whip.
You die...

....##.# #...###.##
....##.###...#
.##.#######
.†.....#.....#
.........#
.......#.#...#
........#
....##.#.#...#
.....>.#
....##...##.##
......#
###########.#
...?.####
#.##########........
#.....@g.(.'!.......
############........
#........ #........
#...<.... #........
#........ #........


You could see a gnoll.

Vanquished Creatures
  3 gnolls (D:3)
  2 bats
  4 endoplasms
  A giant cockroach (D:1)
  5 goblins
  4 hobgoblins
  A kobold (D:1)
  2 quokkas
  4 ball pythons
  A frilled lizard (D:1)
  2 rats
29 creatures vanquished.

Vanquished Creatures (others)
  6 plants (D:3)
6 creatures vanquished.

Grand Total: 35 creatures vanquished

Notes
Turn   | Place    | Note
-------+----------+-------------------------------------------
     0 | D:1      | Alturiack the Hill Orc Earth Elementalist began the quest
                  | for the Orb.
     0 | D:1      | Reached XP level 1. HP: 14/14 MP: 3/3
   167 | D:1      | Reached XP level 2. HP: 22/22 MP: 1/4
   168 | D:1      | Reached skill level 1 in Fighting
   344 | D:1      | Reached skill level 1 in Armour
   881 | D:2      | Reached XP level 3. HP: 28/28 MP: 1/5
  1019 | D:2      | You fall into a shaft and drop 1 floor!
  1083 | D:3      | Found a transporter.
  1083 | D:3      | Found a transporter.
  1094 | D:3      | Noticed Artool's ghost (amateur DsFi)
  1263 | D:3      | Found a shadowy altar of Dithmenos.
  1263 | D:3      | Found a broken altar of Ashenzari.
  1358 | D:3      | Reached skill level 1 in Axes
  1358 | D:3      | Reached XP level 4. HP: 10/36 MP: 1/7
  1369 | D:3      | Slain by a gnoll

Illustrated notes

Levels and vault maps discovered:
D:1:      lemuel_arrival_broad_hall, layout_basic
D:2:      layout_rooms, shapermc_ecumenical_altar_venn
D:3:      layout_basic, gammafunk_temple_overflow_wave,
          gammafunk_ghost_gnarly_gnolls

Skill      XL: |  1  2  3 |
---------------+----------+-----
Fighting       | 1 |  1.9
Armour         | 1 |  1.6
Spellcasting   | 2 |  2.0
Axes           | 1 |  1.0
Dodging        | |  1.5
Stealth        | |  1.5
Transmutations | |  0.6
Earth Magic    | |  3.5

Action                   |  1- 3 |  4- 6 || total
-------------------------+-------+-------++-------
Melee: Unarmed           |    15 |       ||    15
       Hand axe          |    12 |    12 ||    24
 Cast: Sandblast         |    40 |       ||    40
 Stab: Distracted        |     1 |       ||     1
Armor: Robe              |     8 |       ||     8
Dodge: Dodged            |    37 |    11 ||    48
